 Dungeon Crawl Stone Soup version 0.23.2-33-g5129a83184 (webtiles) character file.

Game seed: 15192348158818267638

18018 FishyPogo the Spear-Bearer (level 12, -2/77 HPs)
             Began as a Gargoyle Berserker on July 29, 2019.
             Was an Elder of Trog.
             Slain by an orc knight
             ... wielding a +3 halberd
              (34 damage)
             ... on level 1 of the Orcish Mines.
             The game lasted 02:18:32 (13646 turns).

FishyPogo the Spear-Bearer (Gargoyle Berserker)    Turns: 13646, Time: 02:18:32

Health: -2/77      AC: 18    Str: 25    XL:     12   Next: 54%
Magic:  16/16      EV: 14    Int:  7    God:    Trog [****..]
Gold:   664        SH:  7    Dex: 14    Spells: 11/11 levels left

rFire    + . .     SeeInvis .   b - +2 broad axe (freeze)
rCold    . . .     Gourm    .   X - +1 buckler {rPois}
rNeg     + + .     Faith    .   w - +1 leather armour {rF+}
rPois    ∞         Spirit   .   S - +1 helmet of Kleptomania {rN+ rCorr}
rElec    +         Reflect  .   (no cloak)
rCorr    +         Harm     .   E - +0 pair of gloves
MR       ++...                  C - +0 pair of boots
Stlth    ++++......             (no amulet)
HPRegen  1.22/turn              R - +3 ring of dexterity
MPRegen  0.15/turn              j - ring of stealth

@: regenerating
A: negative energy resistance 1, electricity resistance, unbreathing,
petrification resistance, rot immunity, AC +8
a: Berserk, Trog's Hand, Brothers in Arms, Renounce Religion


You were on level 1 of the Orcish Mines.
You worshipped Trog.
Trog was greatly pleased with you.
You were hungry.

You visited 2 branches of the dungeon, and saw 13 of its levels.
You also visited: Sewer.

You collected 997 gold pieces.
You spent 333 gold pieces at shops.

Inventory:

Hand Weapons
 a - a +2 trident of venom
 b - a +2 broad axe of freezing (weapon)
 o - a cursed +5 war axe
 u - a +0 scimitar of flaming
 B - a +3 halberd
 W - a +3 flail of holy wrath
Missiles
 e - 422 stones
 m - 2 exploding tomahawks
 p - 10 tomahawks of returning
 x - 10 tomahawks (quivered)
 L - a throwing net
 T - 3 javelins of returning
Armour
 q - a +2 robe of magic resistance
 w - a +1 leather armour of fire resistance (worn)
 C - a +0 pair of boots (worn)
 E - a +0 pair of gloves (worn)
 Q - the +1 helmet of Horiggisoa {rN++ Dex-2}
   (You found it on level 9 of the Dungeon)

   It affects your dexterity (-2).
   It greatly protects you from negative energy.
 S - the +1 helmet of Kleptomania (worn) {rN+ rCorr}
   (You found it on level 9 of the Dungeon)

   It protects you from negative energy.
   It provides partial protection from all sources of acid and corrosion.
 U - a +0 troll leather armour
 X - a +1 buckler of poison resistance (worn)
Jewellery
 j - a ring of stealth (right hand)
 y - an uncursed ring of see invisible
 R - a +3 ring of dexterity (left hand)
Wands
 k - a wand of random effects (15)
 D - a wand of clouds (5)
Scrolls
 f - 3 scrolls of remove curse
 i - 6 scrolls of identify
 v - 2 scrolls of noise {unknown}
 F - 2 scrolls of fear
 G - a scroll of enchant armour
 I - a scroll of random uselessness {unknown}
 J - a scroll of silence {unknown}
 M - a scroll of immolation {unknown}
 N - a scroll of magic mapping
 P - a scroll of vulnerability {unknown}
 V - a scroll of amnesia {unknown}
 Y - a scroll of summoning {unknown}
Potions
 d - a potion of flight
 g - 4 potions of curing
 h - 9 potions of heal wounds
 l - 3 potions of might
 n - 3 potions of magic
 t - 6 potions of haste
 z - a potion of agility {unknown}
 K - a potion of brilliance {unknown}
 O - a potion of lignification
 Z - a potion of degeneration {unknown}
Comestibles
 c - 21 rations


   Skills:
 * Level 9.7 Fighting
 + Level 3.2(9.7) Axes
 * Level 8.7(9.0) Maces & Flails
 + Level 11.6(11.8) Polearms
 + Level 3.4 Throwing
 + Level 5.0 Armour
 + Level 5.2 Dodging
 + Level 5.7 Stealth
 * Level 7.4 Shields
 + Level 5.4 Evocations


You had 11 spell levels left.
You didn't know any spells.
Your spell library was empty.

Dungeon Overview and Level Annotations

Branches:
Dungeon (12/15)            Temple (0/1) D:4            Lair (0/6) D:11
    Orc (1/2) D:9

Altars:
Trog
Zin

Shops:
D:4 *   D:6 :   D:11 *


Innate Abilities, Weirdness & Mutations

You are resistant to torment.
Your stone body is resilient. (AC +8)
You are immune to poison.
You resist negative energy. (rN+)
You are resistant to electric shocks. (rElec)
You can survive without breathing.
You are immune to petrification.
You are immune to rotting.


Message History

You barely miss the orc knight.
The orc knight unwields a +0 arbalest.
The orc knight wields a +3 halberd.
The orc knight misses you. You block the orc knight's attack.
You hit the orc knight but do no damage.
You hit the orc knight. You freeze the orc knight.
The orc knight roars a battlecry!
The orc knight goes into a battle-frenzy!
You slash the orc knight! You freeze the orc knight!
The orc knight is heavily wounded.
You hit the orc knight but do no damage.
The orc knight roars a battlecry!
The orc knight closely misses you.
An orc comes into view. It is wielding a +0 club.
You block the orc knight's attack.
The orc shouts!
You slice the orc knight!! You freeze the orc knight!
The orc knight is heavily wounded.
You closely miss the orc knight.
The orc knight hits you with a +3 halberd!!
You die...

#..[)).........##.
##.##...#.......##
#####o((.......#
###.#......##...##
##.....(....######
#...[((###.## ##..[.###
### ##..)oo#
####.#.[@####
###.#....))...##
##...........[..# ###
#.......[....[.#####.##
##.#.......##.###.#...#
##...#........#.....#
#.....#...>........#
#>..............#.##
##................##


You could see 2 orc knights and an orc.

Vanquished Creatures
  A hydra (D:9)
  Erica (D:10)
  An orc high priest (D:9)
  Pikel (D:5)
  An orc knight (Orc:1)
  The ghost of raetorn the Cruncher, a novice FoFi (D:5)
  Joseph (D:10)
  A komodo dragon (D:10)
  A queen bee (D:8)
  6 trolls
  A tengu conjurer (D:9)
  Prince Ribbit (D:5)
  Grinder (D:5)
  A hippogriff (D:10)
  A wraith (D:9)
  3 wyverns
  21 yaks
  2 hungry ghosts
  A steam dragon (D:9)
  4 wargs
  Edmund (D:4)
  2 water moccasins (D:8)
  An eye of draining (D:11)
  10 orc warriors
  3 black bears
  An ice beast (D:10)
  2 phantoms
  4 sky beasts
  6 ogres
  3 centaurs
  2 big kobolds
  Blork the orc (D:4)
  A gnoll sergeant (D:6)
  6 bullfrogs
  2 scorpions
  3 water moccasin skeletons
  23 killer bees
  8 wights
  A howler monkey (D:8)
  5 crimson imps
  A bullfrog zombie (D:12)
  3 quasits
  A centaur zombie (D:8)
  2 hounds
  3 jellies
  17 orc priests
  19 orc wizards
  2 bullfrog skeletons
  Jessica (D:2)
  2 iguanas
  6 worker ants
  A bullfrog simulacrum (D:9)
  A hound skeleton (D:8)
  5 gnolls (D:6)
  9 adders
  3 howler monkey skeletons
  A shadow imp (D:4)
  2 oozes
  An adder zombie (D:9)
  3 adder skeletons
  3 worms
  3 dart slugs
  7 leopard geckos
  68 orcs
  4 ball pythons
  8 bats
  7 giant cockroaches
  9 goblins
  5 hobgoblins
  13 jackals
  4 quokkas
  11 frilled lizards
  28 kobolds
  A quokka zombie (D:5)
  7 rats
  6 plants (Sewer)
403 creatures vanquished.

Vanquished Creatures (collateral kills)
  An orc warrior (Orc:1)
1 creature vanquished.

Vanquished Creatures (others)
  2 plants (Sewer)
2 creatures vanquished.

Grand Total: 406 creatures vanquished

Notes
Turn   | Place    | Note
-------+----------+-------------------------------------------
     0 | D:1      | FishyPogo the Gargoyle Berserker began the quest for the
                  | Orb.
     0 | D:1      | Reached XP level 1. HP: 14/14 MP: 1/1
   177 | D:1      | Reached XP level 2. HP: 16/19 MP: 2/2
   637 | D:1      | Reached XP level 3. HP: 24/24 MP: 3/3
   946 | D:2      | Noticed Jessica
   959 | D:2      | Killed Jessica
   959 | D:2      | Reached XP level 4. HP: 29/29 MP: 4/4
  1103 | D:2      | Reached ** piety under Trog
  1109 | D:2      | Found a bloodstained altar of Trog.
  1741 | D:3      | Found a glowing drain.
  1755 | Sewer    | Entered a sewer
  2003 | Sewer    | Reached skill level 1 in Throwing
  2003 | Sewer    | Reached XP level 5. HP: 24/34 MP: 5/5
  3240 | D:3      | Reached *** piety under Trog
  3335 | D:3      | Reached skill level 1 in Axes
  3335 | D:3      | Reached XP level 6. HP: 32/39 MP: 6/6
  3657 | D:4      | Noticed a phantom
  3789 | D:4      | Killed a phantom
  3789 | D:4      | Reached skill level 5 in Fighting
  3817 | D:4      | Found a staircase to the Ecumenical Temple.
  3835 | D:4      | Reached XP level 7. HP: 43/44 MP: 7/7
  3956 | D:4      | Found Zin's Purification Station.
  3961 | D:4      | Found a glowing silver altar of Zin.
  4055 | D:4      | Reached skill level 5 in Maces & Flails
  4055 | D:4      | Reached skill level 1 in Polearms
  4282 | D:4      | Noticed Blork the orc
  4288 | D:4      | Killed Blork the orc
  4288 | D:4      | Reached skill level 1 in Stealth
  4299 | D:4      | Noticed Edmund
  4308 | D:4      | Killed Edmund
  4308 | D:4      | Reached skill level 2 in Polearms
  4551 | D:4      | Reached XP level 8. HP: 51/51 MP: 8/8
  4580 | D:4      | Reached skill level 3 in Polearms
  4598 | D:5      | Entered Level 5 of the Dungeon
  4641 | D:5      | Noticed Pikel
  4735 | D:5      | Killed Pikel
  4735 | D:5      | Reached skill level 5 in Polearms
  4870 | D:5      | Noticed Grinder
  4877 | D:5      | Paralysed by Grinder for 7 turns
  4887 | D:5      | Killed Grinder
  4887 | D:5      | Reached skill level 6 in Polearms
  5034 | D:5      | Found a large runed translucent door.
  5034 | D:5      | Found a large runed translucent door.
  5035 | D:5      | Noticed raetorn's ghost (novice FoFi)
  5047 | D:5      | Killed raetorn's ghost
  5047 | D:5      | Reached skill level 7 in Polearms
  5047 | D:5      | Reached XP level 9. HP: 55/56 MP: 9/9
  5105 | D:5      | Noticed Prince Ribbit
  5121 | D:5      | Killed Prince Ribbit
  5595 | D:6      | Reached **** piety under Trog
  5607 | D:6      | Reached skill level 8 in Polearms
  6188 | D:6      | Found Edarooff's Book Shoppe.
  6447 | D:7      | Reached skill level 1 in Shields
  6464 | D:7      | Reached skill level 1 in Evocations
  6811 | D:8      | Reached skill level 9 in Polearms
  6962 | D:8      | Reached XP level 10. HP: 61/64 MP: 11/11
  7061 | D:9      | Noticed a seven-headed hydra
  7969 | D:9      | Got a brightly glowing helmet
  7980 | D:9      | Identified the +1 helmet of Horiggisoa {rN++ Dex-2} (You
                  | found it on level 9 of the Dungeon)
  8062 | D:9      | Reached skill level 10 in Polearms
  8185 | D:9      | Got a heavily runed helmet
  8186 | D:9      | Identified the +1 helmet of Kleptomania {rN+ rCorr} (You
                  | found it on level 9 of the Dungeon)
  8298 | D:9      | Found a staircase to the Orcish Mines.
  8413 | D:9      | Reached XP level 11. HP: 68/68 MP: 13/13
  8538 | D:9      | Killed a seven-headed hydra
  8829 | D:8      | Reached skill level 5 in Shields
  9049 | D:8      | Reached ***** piety under Trog
  9049 | D:8      | Received a gift from Trog
  9477 | D:10     | Entered Level 10 of the Dungeon
  9768 | D:10     | Got a dazzling dagger
  9769 | D:10     | Identified the cursed +3 dagger of Change {venom, MP+9}
                  | (You found it on level 10 of the Dungeon)
  9940 | D:10     | Noticed Erica
  9960 | D:10     | Killed Erica
  9960 | D:10     | Reached skill level 11 in Polearms
  9960 | D:10     | Reached skill level 5 in Stealth
 10271 | D:10     | Reached skill level 5 in Evocations
 10430 | D:10     | Noticed Joseph
 10588 | D:10     | Killed Joseph
 11156 | D:11     | Received a gift from Trog
 11268 | D:11     | Found Tyturad's Assorted Antiques.
 11272 | D:11     | Bought a runed broad axe for 161 gold pieces
 11273 | D:11     | Bought a runed buckler for 172 gold pieces
 11358 | D:11     | Reached XP level 12. HP: 67/76 MP: 15/15
 11700 | D:11     | Found a staircase to the Lair.
 12114 | D:11     | Reached skill level 5 in Dodging
 12340 | Orc:1    | Entered Level 1 of the Orcish Mines
 12588 | Orc:1    | Noticed an orc high priest
 12598 | Orc:1    | Noticed a soul eater
 13024 | D:9      | Killed an orc high priest
 13252 | Orc:1    | Reached skill level 5 in Armour
 13646 | Orc:1    | Slain by an orc knight

Skill      XL: |  1  2  3  4  5  6  7  8  9 10 11 12 |
---------------+-------------------------------------+-----
Fighting       | 4 5 6 7 8 9 |  9.7
Maces & Flails | 4 5 6 7 8 |  8.7
Dodging        | 2 3 4 5 |  5.2
Throwing       | 1 2 3 |  3.4
Axes           | 1 3 |  3.2
Armour         | 3 4 5 |  5.0
Polearms       | 2 7 9 10 11 | 11.6
Stealth        | 1 3 4 5 |  5.7
Shields        | 1 4 6 7 |  7.4
Evocations     | 2 3 5 |  5.4

Action                   |  1- 3 |  4- 6 |  7- 9 | 10-12 || total
-------------------------+-------+-------+-------+-------++-------
Melee: Mace              |    52 |   463 |    32 |       ||   547
       Trident           |       |    27 |   235 |   653 ||   915
       Flail             |       |       |    32 |   100 ||   132
       Broad axe         |       |       |       |    71 ||    71
Throw: Stone             |    23 |    50 |    28 |   129 ||   230
       Tomahawk          |       |       |       |     4 ||     4
Invok: Berserk           |     2 |     3 |     2 |     6 ||    13
       Trog's Hand       |       |     1 |     3 |    17 ||    21
       Brothers in Arms  |       |       |       |     1 ||     1
  Use: Scroll            |       |     7 |     2 |    11 ||    20
       Potion            |       |     3 |       |     7 ||    10
 Stab: Sleeping          |       |     2 |    12 |    15 ||    29
       Distracted        |       |       |       |     2 ||     2
  Eat: Chunk             |     1 |    13 |    15 |    29 ||    58
       Ration            |       |       |       |     2 ||     2
Armor: Animal skin       |    14 |       |       |       ||    14
       Leather armour    |     2 |   135 |    79 |   288 ||   504
Dodge: Dodged            |    44 |   194 |   110 |   381 ||   729
Block: Shield            |       |       |    33 |    94 ||   127
       Buckler           |       |       |       |   144 ||   144
